 Dungeon Crawl Stone Soup version 0.32-a0-163-g159c032296 (webtiles) character file.

Game seed: 10414475969510632367

4122 PriceMaster the Arsonist (level 10, 0/53 HPs)
             Began as an Octopode Fire Elementalist on Feb 11, 2024.
             Was a Believer of Makhleb.
             Slain by Harold
             ... wielding a +0 dire flail
              (28 damage)
             ... on level 9 of the Dungeon on Feb 12, 2024.
             The game lasted 00:19:52 (12170 turns).

PriceMaster the Arsonist (OpFE)                    Turns: 12170, Time: 00:19:52

Health: 0/53       AC:  2    Str:  9    XL:     10   Next: 27%
Magic:  9/21       EV: 19    Int: 19    God:    Makhleb [**....]
Gold:   547        SH:  0    Dex: 14    Spells: 11/24 levels left

rFire   + + .        l - +3 whip (drain)
rCold   x . .        r - orb {mayhem}
rNeg    . . .        e - +1 hat
rPois   +            (no amulet)
rElec   +            o - ring of protection from fire
rCorr   .            p - +5 ring of evasion
SInv    .            k - ring of poison resistance
Will    .....        x - ring of fire
Stlth   ++++         (no ring)
HPRegen 0.28/turn    (no ring)
MPRegen 0.17/turn    (no ring)
                     (no ring)

%: mayhem
@: no status effects
A: almost no armour, amphibious, 8 rings, camouflage 1, gelatinous body 1,
(nimble swimmer 1), tentacles, frail 1, electricity resistance
a: Renounce Religion, Minor Destruction


You were on level 9 of the Dungeon.
You worshipped Makhleb.
Makhleb was pleased with you.
You visited 1 branch of the dungeon, and saw 9 of its levels.

You collected 547 gold pieces.

Inventory:

Hand Weapons
 g - a +0 dagger of venom
 l - a +3 whip of draining (weapon)
Armour
 e - a +1 hat (worn)
 r - an orb of mayhem (worn)
Jewellery
 k - a ring of poison resistance (on tentacle)
 o - a ring of protection from fire (left tentacle)
 p - a +5 ring of evasion (right tentacle)
 x - a ring of fire (on tentacle)
Wands
 d - a wand of mindburst (8)
 n - a wand of iceblast (5)
 t - a wand of flame (23)
Scrolls
 b - 3 scrolls of noise {unknown}
 f - 4 scrolls of teleportation
 h - 2 scrolls of identify
 j - a scroll of enchant armour {unknown}
 m - 2 scrolls of fog
 u - a scroll of silence {unknown}
 w - a scroll of poison {unknown}
 y - a scroll of fear
Potions
 a - a potion of magic
 c - a potion of attraction
 i - a potion of resistance {unknown}
 q - a potion of mutation
 s - a potion of might
 v - a potion of berserk rage {unknown}
 z - a potion of brilliance {unknown}
 A - a potion of curing


   Skills:
 + Level 1.6 Fighting
 + Level 2.6 Maces & Flails
 + Level 3.2 Dodging
 + Level 4.5 Stealth
 + Level 7.8 Spellcasting
 + Level 5.2 Conjurations
 + Level 4.7 Hexes
 + Level 8.6 Fire Magic
 + Level 0.1 Earth Magic
 + Level 1.1 Evocations


You had 11 spell levels left.
You knew the following spells:

 Your Spells              Type           Power      Damage    Failure   Level
a - Foxfire               Conj/Fire      100%       2x1d9     1%          1
b - Scorch                Fire           100%       2d9       1%          2
c - Inner Flame           Hex/Fire       49%        N/A       1%          3
d - Stone Arrow           Conj/Erth      34%        3d9       10%         3
e - Brom's Barrelling Bo  Conj/Erth      17%        2d4       30%         4

Your spell library contained the following spells:

 Spells                   Type           Power      Damage    Failure   Level
 Sigil of Binding         Hex            25%        N/A       4%          3
 Volatile Blastmotes      Fire/Tloc      70%        2d15      4%          3
 Flame Wave               Conj/Fire      50%        2d12      5%          4
 Sandblast                Erth           16%        2d6       9%          1
 Passwall                 Erth           8%         N/A       26%         3
 Call Canine Familiar     Summ           7%         N/A       28%         3
 Dimensional Bullseye     Hex/Tloc       8%         N/A       34%         4
 Lehudib's Crystal Spear  Conj/Erth      8%         10d4      100%        8
 Animate Armour           Summ/Erth      Unusable   N/A       N/A         4

Dungeon Overview and Level Annotations

Branches:
Dungeon (9/15)             Temple (0/1) D:4
   Lair: D:8-11         Orc: D:9-12

Altars:
Elyvilon
Gozag
Makhleb
Okawaru
Qazlal
Ru
Sif Muna
Trog
Uskayaw
Wu Jian
Yredelemnul

Shops:
D:7 [

Annotations:
D:9 Harold


Innate Abilities, Weirdness & Mutations

You cannot wear most types of armour.
You are amphibious.
You can wear up to eight rings at the same time.
Your skin changes colour to match your surroundings (Stealth+).
Your rubbery body absorbs attacks. (AC +1, EV +1)
((You are camouflaged when in or above water. (Stealth+)))
You have tentacles for arms and can constrict up to eight enemies at once.
You are frail. (-10% HP)
You are resistant to electric shocks. (rElec)


Message History

You feel a surge of power!
Flames lash the orc.
Makhleb accepts your kill.
The orc flies into a frenzy!
The orc explodes!
You hear a howl!
You hear a croak.
You hear a bellow!
The orc completely misses the orc warrior.
Casting: Scorch (safe; 1% risk of failure)
Confirm with . or Enter, or press ? or * to list all spells.
You can't see any susceptible monsters within range! (Use Z to cast anyway.) Unknown command.
Casting: Scorch (safe; 1% risk of failure)
Confirm with . or Enter, or press ? or * to list all spells.
Aiming: Inner Flame (safe; 1% risk of failure)
Press: ? - help, Dir - move target, f - orc warrior
Aim: an orc warrior, wielding a +0 glaive and wearing a +0 chain mail (chance to affect: 93%)
You feel a surge of power!
The orc warrior is filled with an inner flame.
Harold fires a harpoon shot at you. The harpoon shot hits you!
You are yanked forward by the harpoon shot.
The orc hits the orc warrior but does no damage.
Casting: Inner Flame (safe; 1% risk of failure)
Confirm with . or Enter, or press ? or * to list all spells.
You feel a surge of power!
You conjure some foxfire!
The orc hits the orc warrior with a +0 mace.
Flame seeps out of the orc warrior.
Harold hits you with a +0 dire flail!
The orc warrior is engulfed in blazing flames.
Flame seeps out of the orc warrior.
Casting: Foxfire (safe; 1% risk of failure)
Confirm with . or Enter, or press ? or * to list all spells.
You feel a surge of power!
You conjure some foxfire!
The foxfire hits Harold.
Flame seeps out of Harold.
Harold is lightly wounded.
The foxfire hits Harold.
Flame seeps out of Harold.
Harold is lightly wounded.
Harold is engulfed in blazing flames.
Flame seeps out of Harold.
Harold hits you with a +0 dire flail!!
Ouch! That really hurt!
You die...
Harold says, "Time to retire."

#...................
............[....
...............
#........#... .
+)..........
..#+#..(.#####.###.#
...........#..<....#
......§§..§#o...o.....
..###.v@.§§oo..#...###
......v@.##§...#+#.#
.........##..... ..
..........+..... ..
......)#+##...#. .
######. ..). .. .. ..


You could see Harold (inner flame, ally target), an orc warrior (inner flame),
an orc wizard and a neutral orc (fast, strong, frenzied, distracted).

Vanquished Creatures
  Prince Ribbit (D:5)
  3 yaks (D:8)
  Eustachio (D:5)
  A wyvern (D:8)
  Edmund (D:6)
  Menkaure (D:5)
  2 water moccasins
  3 ice beasts
  4 sky beasts
  A black bear (D:8)
  2 orc warriors
  A phantom (D:5)
  A kobold brigand (D:8)
  4 scorpions
  2 bullfrogs
  5 wights (D:8)
  4 killer bees (D:8)
  3 hounds
  An iron imp (D:3)
  2 bombardier beetles (D:3)
  2 orc priests
  A jelly (D:7)
  3 sleepcaps
  6 orc wizards
  3 gnolls (D:2)
  5 adders
  A shadow imp (D:4)
  3 white imps (D:7)
  2 ufetubi (D:6)
  6 dart slugs
  2 ribbon worms (D:4)
  42 orcs
  3 ball pythons
  5 endoplasms
  5 giant cockroaches
  2 goblins
  6 hobgoblins
  7 quokkas
  6 bats
  3 frilled lizards
  8 kobolds
  5 rats
169 creatures vanquished.

Vanquished Creatures (collateral kills)
  A yak (D:8)
  A foxfire (D:4)
2 creatures vanquished.

Vanquished Creatures (others)
  An orc (D:6)
  436 foxfires
437 creatures vanquished.

Grand Total: 608 creatures vanquished

Notes
Turn   | Place    | Note
-------+----------+-------------------------------------------
     0 | D:1      | PriceMaster the Octopode Fire Elementalist began the quest
                  | for the Orb.
     0 | D:1      | Reached XP level 1. HP: 11/11 MP: 3/3
   278 | D:1      | Reached XP level 2. HP: 16/17 MP: 0/5
  1411 | D:2      | Learned a level 2 spell: Scorch
  1438 | D:2      | Reached XP level 3. HP: 19/21 MP: 1/6
  2095 | D:2      | Reached XP level 4. HP: 27/27 MP: 1/7
  2864 | D:3      | Learned a level 3 spell: Inner Flame
  2901 | D:3      | Found a faded altar of an unknown god.
  2913 | D:3      | Reached XP level 5. HP: 31/31 MP: 0/9
  3807 | D:3      | Found an iron altar of Okawaru.
  3947 | D:3      | Found a burning altar of Makhleb.
  4511 | D:3      | Reached skill level 1 in Maces & Flails
  4511 | D:3      | Reached skill level 4 in Fire Magic
  4543 | D:3      | Became a worshipper of Makhleb the Destroyer
  5049 | D:3      | Reached XP level 6. HP: 26/36 MP: 4/11
  5430 | D:4      | Found an ornate altar of the Wu Jian Council.
  5764 | D:4      | Found a staircase to the Ecumenical Temple.
  5786 | D:4      | Found a basalt altar of Yredelemnul.
  6159 | D:4      | Found a stormy altar of Qazlal.
  6160 | D:4      | Found a sacrificial altar of Ru.
  6170 | D:4      | Found a shimmering blue altar of Sif Muna.
  6170 | D:4      | Found an opulent altar of Gozag.
  6518 | D:4      | Gained mutation: You are frail. (-10% HP) [potion of
                  | mutation]
  6518 | D:4      | Gained mutation: You are resistant to electric shocks.
                  | (rElec) [potion of mutation]
  6705 | D:5      | Entered Level 5 of the Dungeon
  6990 | D:5      | Noticed Prince Ribbit
  7001 | D:5      | Killed Prince Ribbit
  7002 | D:5      | Reached skill level 1 in Hexes
  7002 | D:5      | Reached skill level 5 in Fire Magic
  7002 | D:5      | Reached XP level 7. HP: 36/36 MP: 0/13
  7006 | D:5      | Learned a level 3 spell: Stone Arrow
  7140 | D:5      | Noticed Eustachio
  7146 | D:5      | Killed Eustachio
  7212 | D:5      | Reached XP level 8. HP: 13/42 MP: 2/15
  7731 | D:5      | Noticed Menkaure
  7735 | D:5      | Killed Menkaure
  7736 | D:5      | Reached skill level 5 in Spellcasting
  8657 | D:6      | Reached skill level 1 in Fighting
  8657 | D:6      | Reached skill level 6 in Fire Magic
  9077 | D:6      | Found a bloodstained altar of Trog.
  9108 | D:6      | Reached skill level 7 in Fire Magic
  9108 | D:6      | Reached XP level 9. HP: 47/47 MP: 9/17
  9600 | D:6      | Reached * piety under Makhleb
  9613 | D:6      | Noticed Edmund
  9619 | D:6      | Killed Edmund
  9935 | D:6      | Found a white marble altar of Elyvilon.
 10043 | D:6      | Found a hide-covered altar of Uskayaw.
 10640 | D:7      | Found Ubaasoal's Armour Boutique.
 11322 | D:8      | Reached skill level 8 in Fire Magic
 11342 | D:8      | Reached ** piety under Makhleb
 11346 | D:8      | Reached skill level 5 in Conjurations
 11513 | D:8      | Reached XP level 10. HP: 53/53 MP: 11/20
 11805 | D:8      | Reached skill level 1 in Evocations
 12135 | D:8      | Learned a level 4 spell: Brom's Barrelling Boulder
 12164 | D:9      | Noticed Harold
 12170 | D:9      | Slain by Harold

Illustrated notes

Levels and vault maps discovered:
D:1:      dpeg_arrival_round_b, layout_loops_corners, minmay_statues_item
D:2:      layout_basic, minmay_box_of_dots
D:3:      layout_basic, mainiacjoe_overflow_cross_hatched, demons_altar,
          shapermc_ecumenical_altar_starsandcircs
D:4:      layout_rooms, mainiacjoe_overflow_24_doors,
          mainiacjoe_overflow_six_doors_small, mainiacjoe_overflow_alcove_3,
          minmay_temple_entry_antechambers
D:5:      layout_loops_ring, uniq_eustachio, uniq_prince_ribbit1, uniq_menkaure
D:6:      layout_rooms, mainiacjoe_overflow_paths, lemuel_round_altar,
          lemuel_doored_altar, uniq_edmund
D:7:      layout_rooms, serial_shops, shop_fountains
D:8:      layout_basic
D:9:      layout_basic, kennysheep_mini_moat, grunt_lair_entry_orc_guard_hut,
          nicolae_island_escapes, uniq_harold

Skill      XL: |  1  2  3  4  5  6  7  8  9 10 |
---------------+-------------------------------+-----
Stealth        | 3 4 |  4.5
Conjurations   | 2 3 4 5 |  5.2
Spellcasting   | 3 4 5 7 |  7.8
Maces & Flails | 1 2 |  2.6
Fire Magic     | 4 5 7 8 |  8.6
Hexes          | 1 2 4 |  4.7
Fighting       | 1 |  1.6
Dodging        | 3 |  3.2
Evocations     | 1 |  1.1
Earth Magic    | |  0.1

Action                     |  1- 3 |  4- 6 |  7- 9 | 10-12 || total
---------------------------+-------+-------+-------+-------++-------
  Melee: Unarmed           |    11 |       |       |       ||    11
         Tentacles         |     5 |    10 |     9 |     2 ||    26
         Constrict         |     6 |    10 |     9 |       ||    25
         Dagger            |    20 |       |       |       ||    20
         Whip              |       |    42 |    42 |    10 ||    94
   Cast: Foxfire           |    59 |   100 |    95 |    17 ||   271
         Scorch            |     6 |    10 |    22 |     1 ||    39
         Inner Flame       |       |    17 |    50 |    10 ||    77
         Stone Arrow       |       |       |     5 |     1 ||     6
  Evoke: Wand              |       |       |    10 |       ||    10
    Use: Scroll            |     1 |     8 |     1 |       ||    10
         Potion            |     1 |     7 |     4 |     1 ||    13
   Stab: Sleeping          |     3 |     3 |       |       ||     6
         Distracted        |       |     1 |     1 |       ||     2
 Armour: Skin              |    14 |    17 |    30 |    17 ||    78
  Dodge: Dodged            |    20 |    64 |    51 |     6 ||   141

Table legend: (Time is in decaauts)
 A = Elapsed time spent in this place.
 B = Non-inter-level travel time spent in this place.
 C = Inter-level travel time spent in this place.
 D = Time resting spent in this place.
 E = Time spent auto-exploring this place.
 F = Levels seen in this place.
 G = Mean time per level.
                   A        B        C        D        E       F      G
               +--------+--------+--------+--------+--------+-----+--------+
         Total |  12169 |  11826 |    343 |   4183 |   6391 |   9 | 1352.1 |
       Dungeon |  12169 |  11826 |    343 |   4183 |   6391 |   9 | 1352.1 |
               +--------+--------+--------+--------+--------+-----+--------+

Top non-repeatable levels by time:
     D:3: 2453 daAuts
     D:5: 1891 daAuts
     D:4: 1620 daAuts
     D:6: 1572 daAuts
     D:2: 1367 daAuts
     D:1: 1266 daAuts
     D:7: 995 daAuts
     D:8: 994 daAuts
     D:9: 7 daAuts
